 Dungeon Crawl Stone Soup version 0.30-a0-169-g06f667207d (webtiles) character file.

Game seed: 7027876504364297145

87 qw the Chopper (level 4, 0/28 HPs)
             Began as a Gargoyle Fighter on Sept 29, 2022.
             Slain by a gnoll
             ... wielding a +0 whip
              (4 damage)
             ... on level 3 of the Dungeon.
             The game lasted 00:00:46 (1902 turns).

qw the Chopper (Gargoyle Fighter)                   Turns: 1902, Time: 00:00:46

Health: 0/28       AC: 10    Str: 22    XL:     4   Next: 51%
Magic:  4/4        EV:  9    Int:  8    God:
Gold:   109        SH:  4    Dex:  9    Spells: 3/3 levels left

rFire   . . .      SeeInvis .    Y - +1 war axe
rCold   . . .      Faith    .    c - +0 buckler
rNeg    + . .      Spirit   .    b - +0 scale mail
rPois   inf        Reflect  .    (no helmet)
rElec   +          Harm     .    (no cloak)
rCorr   .          Rampage  .    (no gloves)
Will    .....                    (no boots)
Stlth   ..........               (no amulet)
HPRegen 0.09/turn                (no ring)
MPRegen 0.09/turn                (no ring)

@: no status effects
A: sickness immunity, AC +3, negative energy resistance 1, electricity
resistance, torment resistance 1, petrification resistance
a: no special abilities


You were on level 3 of the Dungeon.
You visited 1 branch of the dungeon, and saw 3 of its levels.

You collected 109 gold pieces.


Innate Abilities, Weirdness & Mutations

You are immune to sickness and miasma.
Your stone body is resilient. (AC +3)
You are immune to poison.
You resist negative energy. (rN+)
You are resistant to electric shocks. (rElec)
You are resistant to unholy torment.
You are immune to petrification.


   Skills:
 - Level 3.2 Fighting
 + Level 4.2 Axes
 - Level 3.2 Armour
 - Level 3.2 Shields


You had 3 spell levels left.
You didn't know any spells.
Your spell library was empty.

Inventory:

Hand Weapons
 i - a +0 club
 Y - a +1 war axe (weapon)
Armour
 b - a +0 scale mail (worn)
 c - a +0 buckler (worn)
 h - a +1 pair of gloves
Scrolls
 a - a scroll of identify
Potions
 d - 2 potions of might
 e - a potion of brilliance {unknown}
 g - a potion of curing {unknown}
 j - a potion of flight {unknown}

Dungeon Overview and Level Annotations

Branches:
Dungeon (3/15)

Altars:
Sif Muna


Message History

The gnoll closely misses you. The gnoll hits you with a +0 spear.
You hit the gnoll but do no damage.
The gnoll is severely wounded.
The gnoll hits you but does no damage. The gnoll misses you.
You barely miss the gnoll.
The gnoll is severely wounded.
The gnoll hits you but does no damage. The gnoll hits you with a +0 spear.
The gnoll hits you from afar with a +0 spear.
You block the gnoll's attack.
You slash the gnoll!
You kill the gnoll!
The gnoll hits you from afar with a +0 spear.
Your Axes skill increases to level 4!
The gnoll hits you with a +0 spear.
You see here a +0 spear.
You hit the gnoll but do no damage. You block the gnoll's attack.
You closely miss the gnoll.
The gnoll hits you but does no damage. x2
You completely miss the gnoll. The gnoll hits you with a +0 spear.
You completely miss the gnoll. The gnoll closely misses you.
You closely miss the gnoll. The gnoll hits you but does no damage.
The gnoll barely misses you.
You barely miss the gnoll. The gnoll barely misses you.
You closely miss the gnoll. You block the gnoll's attack.
You slash the gnoll!
The gnoll is severely wounded.
The gnoll closely misses you. You block the gnoll's attack.
You hit the gnoll.
You kill the gnoll!
You barely miss the gnoll. The gnoll completely misses you.
You hit the gnoll.
The gnoll is heavily wounded.
The gnoll hits you with a +0 whip.
You die...

#.# #.###.#.#### #.#
#..........# #.#
#.###.#.##.#
#.#####.##....# ..
#.......#.....#####.#
#.########..........#
#.# ##.#########
#####.## #%# #<.....#
#@# #.###..# #g# #.#
#..# ... #.# #..#
..... #.# ...#
....... #.# ...#
....~~¤~~ ... ....
+....~~0~0. ###....#
#....~~¤¤~..


You could see a gnoll.

Vanquished Creatures
  2 gnolls (D:3)
  2 adders (D:2)
  2 dart slugs
  An orc (D:2)
  4 ball pythons
  4 endoplasms
  2 giant cockroaches
  3 goblins (D:2)
  7 hobgoblins
  3 kobolds (D:2)
  2 quokkas (D:1)
  5 bats
  2 frilled lizards (D:2)
  2 rats (D:2)
41 creatures vanquished.

Notes
Turn   | Place    | Note
-------+----------+-------------------------------------------
     0 | D:1      | qw the Gargoyle Fighter began the quest for the Orb.
     0 | D:1      | Reached XP level 1. HP: 14/14 MP: 1/1
     0 | D:1      | 0 ||| qw: Version: 0.2-a-12-gaebbb33
     0 | D:1      | 0 ||| qw: Game counter: 1284
     0 | D:1      | 0 ||| qw: Always use a shield: true
     0 | D:1      | 0 ||| qw: God list: Okawaru
     0 | D:1      | 0 ||| qw: Allow faded altars: false
     0 | D:1      | 0 ||| qw: Do Orc after D:15 true
     0 | D:1      | 0 ||| qw: Do second Lair branch before Depths: true
     0 | D:1      | 0 ||| qw: Lair rune preference: random
     0 | D:1      | 0 ||| qw: Plans: Normal, Zot:1-4, God:TSO, Crypt, Tomb,
                  | Pan, Slime:5, Hells, Abyss, Orb
     0 | D:1      | 0 ||| PLANNING D:1-11
    38 | D:1      | Reached skill level 2 in Axes
   221 | D:1      | Reached XP level 2. HP: 11/19 MP: 2/2
   459 | D:1      | 459 ||| Stepping ~*~*~tactically~*~*~ (hiding).
   463 | D:1      | 463 ||| Stepping ~*~*~tactically~*~*~ (hiding).
   577 | D:1      | Found a faded altar of an unknown god.
   833 | D:1      | 833 ||| READING 2 scrolls labelled VECUB TEIB.
   834 | D:1      | 834 ||| READING scroll labelled GOVUTA NOBEOSO.
   835 | D:1      | 835 ||| READING scroll labelled UMECUO JAMNISS.
   836 | D:1      | 836 ||| DRINKING 2 inky potions.
   837 | D:1      | 837 ||| DRINKING 2 emerald potions.
   942 | D:1      | 942 ||| DROPPING potion of berserk rage.
   960 | D:2      | 960 ||| STAIRDANCE
  1047 | D:2      | 1047 ||| Stepping ~*~*~tactically~*~*~ (stealth).
  1051 | D:2      | 1051 ||| Stepping ~*~*~tactically~*~*~ (stealth).
  1072 | D:2      | Reached skill level 3 in Axes
  1134 | D:2      | 1134 ||| Stepping ~*~*~tactically~*~*~ (water).
  1145 | D:2      | Reached XP level 3. HP: 23/23 MP: 3/3
  1191 | D:2      | 1191 ||| FLEEEEING.
  1192 | D:2      | 1192 ||| FLEEEEING.
  1193 | D:2      | 1193 ||| FLEEEEING.
  1194 | D:2      | 1194 ||| FLEEEEING.
  1195 | D:2      | 1195 ||| FLEEEEING.
  1196 | D:2      | 1196 ||| FLEEEEING.
  1197 | D:2      | 1197 ||| FLEEEEING.
  1198 | D:2      | 1198 ||| FLEEEEING.
  1199 | D:2      | 1199 ||| FLEEEEING.
  1200 | D:2      | 1200 ||| FLEEEEING.
  1201 | D:2      | 1201 ||| FLEEEEING.
  1202 | D:2      | 1202 ||| FLEEEEING.
  1203 | D:2      | 1203 ||| FLEEEEING.
  1451 | D:2      | 1451 ||| Stepping ~*~*~tactically~*~*~ (hiding).
  1608 | D:2      | Reached XP level 4. HP: 28/28 MP: 4/4
  1789 | D:2      | 1789 ||| READING scroll labelled VUZUUNG BECZIUCE.
  1790 | D:2      | 1790 ||| READING scroll labelled BOTE JATTEBAVO.
  1865 | D:3      | Found a shimmering blue altar of Sif Muna.
  1867 | D:3      | 1867 ||| Stepping ~*~*~tactically~*~*~ (stealth).
  1869 | D:3      | 1869 ||| Stepping ~*~*~tactically~*~*~ (hiding).
  1870 | D:3      | 1870 ||| Stepping ~*~*~tactically~*~*~ (hiding).
  1884 | D:3      | HP: 7/28 [gnoll/+0 spear (4)]
  1885 | D:3      | 1885 ||| DRINKING potion of heal wounds.
  1891 | D:3      | Reached skill level 4 in Axes
  1894 | D:3      | HP: 3/28 [gnoll/+0 spear (6)]
  1902 | D:3      | Slain by a gnoll

Levels and vault maps discovered:
D:1:      lightli_arrival_isolated_outpost, layout_basic,
          hellmonk_ecumenical_altar_pennies_from_heaven
D:2:      layout_rooms, kennysheep_boxes
D:3:      layout_loops_corners, okawaru_altar_gauntlet_db,
          nicolae_sif_muna_condensation, glass_columns_b,
          kennysheep_generic_room_9

Skill      XL: |  1  2  3  4 |
---------------+-------------+-----
Axes           | 2 3 4 |  4.2
Fighting       | |  3.2
Armour         | |  3.2
Shields        | |  3.2

Action                   |  1- 3 |  4- 6 || total
-------------------------+-------+-------++-------
Melee: War axe           |   100 |    42 ||   142
  Use: Scroll            |     3 |     2 ||     5
       Potion            |     2 |     1 ||     3
Armor: Scale mail        |    52 |    21 ||    73
Dodge: Dodged            |    46 |    25 ||    71
Block: Buckler           |    15 |    10 ||    25

Table legend:
 A = Non-vault XP
 B = Vault XP
 C = Vault XP percentage of total XP
 D = Non-vault monster count
 E = Vault monster count
 F = Vault count percentage of total count
                 A         B        C        D         E       F
            +---------+---------+-------+---------+---------+-------
      Total |     125 |       0 |   0.0 |      41 |       0 |   0.0
            +---------+---------+-------+---------+---------+-------
        D:1 |      24 |       0 |   0.0 |      13 |       0 |   0.0
        D:2 |      66 |       0 |   0.0 |      23 |       0 |   0.0
        D:3 |      35 |       0 |   0.0 |       5 |       0 |   0.0
            +---------+---------+-------+---------+---------+-------
